 Dungeon Sprint DCSS version 0.23.2-1-ga50397a6bc (webtiles) character file.

Game seed: 7372133936955798408

2026 Kobolds4U the Fencer (level 9, -13/93 HPs)
             Began as a Minotaur Berserker on May 10, 2019.
             Was an Elder of Trog.
             Killed from afar by a lindwurm (18 damage)
             ... with a blast of flame
             ... in the Dungeon (Sprint I: "Red Sonja").
             The game lasted 00:03:30 (797 turns).

Kobolds4U the Fencer (Minotaur Berserker)            Turns: 797, Time: 00:03:31

Health: -13/93     AC:  3    Str: 22    XL:     9   Next: 3%
Magic:  8/8        EV: 19    Int:  4    God:    Trog [****..]
Gold:   214        SH:  0    Dex: 13    Spells: 8/8 levels left

rFire    . . .     SeeInvis .   a - +0 falchion
rCold    . . .     Gourm    .   (no shield)
rNeg     . . .     Faith    .   l - +0 leather armour
rPois    .         Spirit   .   (helmet restricted)
rElec    .         Reflect  .   (no cloak)
rCorr    .         Harm     .   (no gloves)
MR       ++...     NoTele   +   (no boots)
Stlth    +.........             (no amulet)
HPRegen  1.25/turn              (no ring)
MPRegen  0.11/turn              (no ring)

@: regenerating
A: retaliatory headbutt, horns 2
a: Berserk, Trog's Hand, Brothers in Arms, Renounce Religion


You were in the Dungeon.
You worshipped Trog.
Trog was greatly pleased with you.
You were not hungry.

You visited 1 branch You collected 511 gold pieces.
You spent 297 gold pieces at shops.

Inventory:

Hand Weapons
 a - a +0 falchion (weapon)
Armour
 l - a +0 leather armour (worn)
Jewellery
 b - a +4 ring of strength
Wands
 j - a wand of random effects (14)
Scrolls
 i - a scroll of blinking
Potions
 d - 2 potions of curing
 e - a potion of heal wounds
 f - a potion of haste
 g - 2 potions of magic
 h - a potion of berserk rage
Comestibles
 c - 3 rations


   Skills:
 + Level 13.5 Fighting
 - Level 15.1 Long Blades
 - Level 2.4 Armour
 + Level 11.9 Dodging


You had 8 spell levels left.
You didn't know any spells.
Your spell library was empty.

Dungeon Overview and Level Annotations

Branches:
Dungeon (1/1)

Altars:
Cheibriados
Dithmenos
Elyvilon
Fedhas
Gozag
Hepliaklqana
Kikubaaqudgha
Makhleb
Nemelex Xobeh
Okawaru
Qazlal
Ru
Sif Muna
Trog
Uskayaw
Vehumet
Wu Jian
Xom
Yredelemnul
Zin
The Shining One
Jiyva
Lugonu

Shops:
D =


Innate Abilities, Weirdness & Mutations

You reflexively headbutt those who attack you in melee.
You have a pair of horns on your head.


Message History

You feel the effects of Trog's Hand fading.
You open the door. The lindwurm breathes flames at you.
The blast of flame hits you!!
* * * LOW HITPOINT WARNING * * *
The lindwurm bites you!
* * * LOW HITPOINT WARNING * * *
The lindwurm claws you.
* * * LOW HITPOINT WARNING * * *
The lindwurm closely misses you.
There is an open door, spattered with blood here.
You hit the lindwurm but do no damage.
You headbutt the lindwurm, but do no damage.
The lindwurm is moderately wounded.
You barely miss the lindwurm.
You headbutt the lindwurm, but do no damage.
The lindwurm is moderately wounded.
The lindwurm breathes flames at you. The blast of flame hits you!!
You die...

######################
'..#__#..'...#..#§§§§+
#..'..'..#)..##§#§####
##'#__####)..†.§#§#
.#.#### #####§.@k#
##.# #+#### #_.+ .._#
.#'# +#.# ###


You could see a lindwurm.

Vanquished Creatures
  2 kobold demonologists (D)
  A demonic crawler (D)
  A slime creature (D)
  Sigmund (D)
  A yak (D)
  A floating eye (D)
  An ogre (D)
  A jelly (D)
  Ijyb (D)
10 creatures vanquished.

Vanquished Creatures (collateral kills)
  3 demonic crawlers (D)
3 creatures vanquished.

Grand Total: 13 creatures vanquished

Notes
Turn   | Place    | Note
-------+----------+-------------------------------------------
     0 | D        | Kobolds4U the Minotaur Berserker began the quest for the
                  | Orb.
     0 | D        | Reached XP level 1. HP: 19/19 MP: 0/0
     1 | D        | Noticed Ijyb
     7 | D        | Killed Ijyb
     7 | D        | Reached skill level 5 in Fighting
     7 | D        | Reached skill level 6 in Long Blades
     7 | D        | Reached XP level 2. HP: 28/29 MP: 1/1
    25 | D        | Noticed an ogre
    28 | D        | Killed an ogre
    28 | D        | Reached skill level 9 in Long Blades
    28 | D        | Reached XP level 3. HP: 24/38 MP: 2/2
    28 | D        | Reached XP level 4. HP: 28/45 MP: 3/3
   186 | D        | Noticed Sigmund
   189 | D        | Killed Sigmund
   189 | D        | Reached ** piety under Trog
   189 | D        | Reached skill level 11 in Long Blades
   189 | D        | Reached XP level 5. HP: 56/56 MP: 4/4
   203 | D        | Found an ornate altar of the Wu Jian Council.
   203 | D        | Found a deep blue altar of Sif Muna.
   205 | D        | Found a radiant altar of Vehumet.
   210 | D        | Reached XP level 6. HP: 40/62 MP: 5/5
   320 | D        | Found Qiacy's Jewellery Emporium.
   320 | D        | Found an ancient bone altar of Kikubaaqudgha.
   320 | D        | Found a hazy altar of Hepliaklqana.
   320 | D        | Found a hide-covered altar of Uskayaw.
   320 | D        | Found a basalt altar of Yredelemnul.
   320 | D        | Found an opulent altar of Gozag.
   320 | D        | Found a snail-covered altar of Cheibriados.
   320 | D        | Found a sacrificial altar of Ru.
   320 | D        | Found a shadowy altar of Dithmenos.
   320 | D        | Noticed a yak
   327 | D        | Killed a yak
   327 | D        | Reached skill level 12 in Long Blades
   328 | D        | Found a stormy altar of Qazlal.
   328 | D        | Found a blossoming altar of Fedhas.
   328 | D        | Found a bloodstained altar of Trog.
   328 | D        | Found an iron altar of Okawaru.
   328 | D        | Found a glowing golden altar of the Shining One.
   328 | D        | Found a glowing silver altar of Zin.
   328 | D        | Found a white marble altar of Elyvilon.
   329 | D        | Found a sparkling altar of Nemelex Xobeh.
   335 | D        | Bought a +4 ring of strength for 297 gold pieces
   368 | D        | Found a burning altar of Makhleb.
   368 | D        | Found a viscous altar of Jiyva.
   368 | D        | Found a shimmering altar of Xom.
   368 | D        | Found a corrupted altar of Lugonu.
   368 | D        | Noticed a slime creature
   379 | D        | Killed a slime creature
   379 | D        | Reached *** piety under Trog
   379 | D        | Reached skill level 10 in Fighting
   379 | D        | Reached skill level 13 in Long Blades
   379 | D        | Reached XP level 7. HP: 31/72 MP: 6/6
   576 | D        | Noticed a kobold demonologist
   576 | D        | Noticed a kobold demonologist
   585 | D        | Paralysed by a floating eye for 3 turns
   590 | D        | Killed a kobold demonologist
   590 | D        | Reached skill level 14 in Long Blades
   604 | D        | Killed a kobold demonologist
   604 | D        | Reached **** piety under Trog
   604 | D        | Reached skill level 15 in Long Blades
   604 | D        | Reached XP level 8. HP: 55/82 MP: 7/7
   722 | D        | Noticed a demonic crawler
   722 | D        | Noticed a demonic crawler
   722 | D        | Noticed a demonic crawler
   722 | D        | Noticed a demonic crawler
   725 | D        | Killed a demonic crawler
   725 | D        | Reached skill level 10 in Dodging
   731 | D        | Killed a demonic crawler
   732 | D        | Killed a demonic crawler
   735 | D        | Killed a demonic crawler
   735 | D        | Reached XP level 9. HP: 93/93 MP: 8/8
   752 | D        | Noticed a lindwurm
   795 | D        | HP: 3/93 [lindwurm (2)]
   797 | D        | Killed from afar by a lindwurm

Skill      XL: |  1  2  3  4  5  6  7  8 |
---------------+-------------------------+-----
Fighting       | 5 6 8 10 11 13 | 13.5
Long Blades    | 6 9 11 13 15 | 15.1
Dodging        | 4 6 8 9 11 | 11.9
Armour         | |  2.4

Action                   |  1- 3 |  4- 6 |  7- 9 || total
-------------------------+-------+-------+-------++-------
Melee: Falchion          |     7 |    22 |    46 ||    75
       Headbutt          |     3 |     7 |    13 ||    23
Invok: Berserk           |     1 |       |     2 ||     3
       Trog's Hand       |       |       |     2 ||     2
       Brothers in Arms  |       |       |     1 ||     1
  Eat: Ration            |       |       |     1 ||     1
Armor: Animal skin       |     2 |       |       ||     2
       Leather armour    |       |     1 |     8 ||     9
Dodge: Dodged            |     2 |     7 |    34 ||    43
       Rpst.: Falchion   |     2 |     3 |     3 ||     8
